 Dungeon Crawl Stone Soup version 0.32-a0-460-gc8eefc90e7 (webtiles) character file.

Game seed: 14460603062061448565

297056 Jannitor the Severer (level 20, -18/168 HPs)
             Began as a Demonspawn Gladiator on Feb 24, 2024.
             Was the Champion of Beogh.
             Killed from afar by an ironbound thunderhulk (41 damage)
             ... with a bolt of lightning
             ... led by a vault warden
             ... on level 3 of the Vaults.
             The game lasted 01:28:43 (40286 turns).

Jannitor the Severer (Demonspawn Gladiator)        Turns: 40286, Time: 01:28:44

Health: -18/168    AC: 31    Str: 19    XL:     20   Next: 9%
Magic:  34/41      EV: 22    Int: 20    God:    Beogh [******]
Gold:   1288       SH: 14    Dex: 21    Spells: 23/34 levels left

rFire   + . .        f - +9 broad axe (elec)
rCold   + + .        H - +1 kite shield {AC+3}
rNeg    + . .        q - +6 acid dragon scales
rPois   +            c - +0 helmet "Waneluw" {rN+ Dex+2}
rElec   .            I - +2 cloak {rPois}
rCorr   +            J - +2 pair of gloves {infuse}
SInv    +            F - +3 pair of seven-league boots {Rampage+∞}
Will    .....        j - amulet of Muankot {Faith rC++}
Stlth   +            V - ring "Izoloul" {MP+9 Dex+2 SInv}
HPRegen 0.48/turn    T - ring "Rumesta" {rF+ Int+6 Dex+3}
MPRegen 0.27/turn

%: rampage+∞, faith, infuse magic (1 MP)
@: about to teleport, weak-willed, wreathed by umbra
A: walk on water, repulsion field 2, ignite blood 3, corrupting presence 1,
weakness stinger 2, foul shadow 2
}: 2/15 runes: serpentine, barnacled
a: Renounce Religion, Smiting, Recall Apostles, Blood for Blood, Dismiss Wardok,
priest, Dismiss Boldo, warrior, Dismiss Marbork, wizard


You were on level 3 of the Vaults.
You worshipped Beogh.
Beogh was exalted by your worship.
You visited 6 branches of the dungeon, and saw 33 of its levels.
You visited the Abyss 1 time.
You also visited: Sewer, Gauntlet and Ice Cave.

You collected 5441 gold pieces.
You spent 4153 gold pieces at shops.

Inventory:

Hand Weapons
 f - a +9 broad axe of electrocution (weapon)
Missiles
 b - 7 curare-tipped darts
Armour
 c - the +0 helmet "Waneluw" (worn) {rN+ Dex+2}
   (You found it on level 13 of the Dungeon)

   Dex+2:     It affects your dexterity (+2).
   rN+:       It protects you from negative energy.
 q - +6 acid dragon scales (worn)
 r - the +4 crystal plate armour "Uceoshef" {rPois Str+3 Int+2}
   (You took it off a minotaur in a Gauntlet)

   Str+3:     It affects your strength (+3).
   Int+2:     It affects your intelligence (+2).
   rPois:     It protects you from poison
 F - the +3 pair of seven-league boots (worn) {Rampage+∞}
   (You bought it in a shop on level 2 of the Orcish Mines)

   Rampage+∞: When moving toward enemies, its wearer moves as far as possible,
   alerting their target en route.
 H - a +1 kite shield of protection (worn)
 I - a +2 cloak of poison resistance (worn)
 J - a +2 pair of gloves of infusion (worn)
Jewellery
 j - the amulet of Muankot (around neck) {Faith rC++}
   (You bought it in a shop on level 15 of the Dungeon)

   [amulet of faith]

   Faith:     It allows you to gain divine favour quickly.
   rC++:      It greatly protects you from cold.
 p - the ring of Fanaticism {MP+9 Str+6 Int+4}
   (You found it in a Gauntlet)

   [ring of strength]

   Str+6:     It affects your strength (+6).
   Int+4:     It affects your intelligence (+4).
   MP+9:      It affects your magic capacity (+9).
 D - the ring of the Falcon {rC+ Dex+3}
   (You took it off a merfolk on level 4 of the Shoals)

   [ring of protection from cold]

   Dex+3:     It affects your dexterity (+3).
   rC+:       It protects you from cold.
 G - a ring of willpower
 L - an amulet of reflection
 T - the ring "Rumesta" (right hand) {rF+ Int+6 Dex+3}
   (You took it off a merfolk siren on level 3 of the Shoals)

   [ring of intelligence]

   Int+6:     It affects your intelligence (+6).
   Dex+3:     It affects your dexterity (+3).
   rF+:       It protects you from fire.
 V - the ring "Izoloul" (left hand) {MP+9 Dex+2 SInv}
   (You found it in an ice cave)

   [ring of see invisible]

   Dex+2:     It affects your dexterity (+2).
   MP+9:      It affects your magic capacity (+9).
   SInv:      It lets you see invisible.
Wands
 e - a wand of acid (30)
 g - a wand of mindburst (4)
 u - a wand of flame (58)
 v - a wand of iceblast (28)
 z - a wand of polymorph (19)
 Q - a wand of digging (7)
 Y - a wand of charming (26)
Scrolls
 h - 2 scrolls of revelation
 i - 4 scrolls of fog
 n - 17 scrolls of identify
 o - 2 scrolls of torment
 s - 4 scrolls of amnesia
 t - 7 scrolls of teleportation
 y - 4 scrolls of fear
 A - 5 scrolls of immolation
 C - 7 scrolls of vulnerability
 N - a scroll of silence
 R - 4 scrolls of summoning
 U - 4 scrolls of poison
 X - a scroll of blinking
Potions
 a - 3 potions of ambrosia
 d - 6 potions of mutation
 k - 2 potions of resistance
 l - 13 potions of curing
 m - 3 potions of might
 w - a potion of berserk rage
 x - 5 potions of lignification
 B - 2 potions of haste {unknown}
 E - 4 potions of attraction
 M - 8 potions of brilliance
 O - 3 potions of enlightenment
 P - 5 potions of magic
 S - a potion of cancellation
 Z - 3 potions of invisibility {unknown}
Miscellaneous
 W - a phantom mirror


   Skills:
 + Level 17.3 Fighting
 - Level 18.0 Axes
 - Level 1.7 Throwing
 - Level 11.1 Armour
 - Level 11.2 Dodging
 + Level 11.8 Shields
 + Level 7.7 Spellcasting
 + Level 7.3 Hexes
 + Level 7.3 Summonings
 + Level 8.0 Necromancy
 + Level 16.2 Invocations
 - Level 7.0 Evocations


You had 23 spell levels left.
You knew the following spells:

 Your Spells              Type           Power      Damage    Failure   Level
a - Fugue of the Fallen   Necr           40%        N/A       2%          3
b - Anguish               Hex/Necr       19%        N/A       9%          4
c - Martyr's Knell        Necr/Summ      38%        N/A       9%          4

Your spell library contained the following spells:

 Spells                   Type           Power      Damage    Failure   Level
 Summon Small Mammal      Summ           100%       N/A       1%          1
 Jinxbite                 Hex            74%        N/A       1%          2
 Call Canine Familiar     Summ           37%        N/A       3%          3
 Dispel Undead            Necr           40%        3d16      7%          4
 Cigotuvi's Dreadful Rot  Necr/Alch/Air  36%        N/A       10%         2
 Cause Fear               Hex            18%        N/A       10%         4
 Dazzling Flash           Conj/Hex       44%        N/A       13%         3
 Inner Flame              Hex/Fire       22%        N/A       13%         3
 Summon Ice Beast         Ice/Summ       22%        N/A       13%         3
 Apportation              Tloc           14%        N/A       21%         1
 Foxfire                  Conj/Fire      28%        2x1d5     21%         1
 Shock                    Conj/Air       28%        1d4       21%         1
 Curse of Agony           Necr           40%        N/A       21%         5
 Summon Mana Viper        Hex/Summ       37%        N/A       26%         5
 Blink                    Tloc           14%        N/A       30%         2
 Lesser Beckoning         Tloc           14%        N/A       30%         2
 Momentum Strike          Conj/Tloc      14%        3d8       30%         2
 Static Discharge         Conj/Air       14%        3-4/arc   30%         2
 Animate Armour           Summ/Erth      44%        N/A       41%         4
 Summon Blazeheart Golem  Fire/Summ      22%        N/A       41%         4
 Summon Lightning Spire   Summ/Air       22%        N/A       41%         4
 Frozen Ramparts          Ice            14%        1d3       52%         3
 Mephitic Cloud           Conj/Alch/Air  7%         N/A       52%         3
 Ozocubu's Armour         Ice            7%         N/A       52%         3
 Stone Arrow              Conj/Erth      14%        3d7       52%         3
 Swiftness                Air            7%         N/A       52%         3
 Volatile Blastmotes      Fire/Tloc      14%        2d11      52%         3
 Death Channel            Necr           20%        N/A       73%         6
 Metabolic Englaciation   Hex/Ice        11%        N/A       77%         5
 Silence                  Hex/Air        11%        N/A       77%         5
 Airstrike                Air            3%         2d(1-17)  89%         4
 Flame Wave               Conj/Fire      7%         2d5       89%         4
 Leda's Liquefaction      Alch/Erth      3%         N/A       89%         4
 Manifold Assault         Tloc           7%         N/A       89%         4
 Petrify                  Alch/Erth      7%         N/A       89%         4
 Sticky Flame             Fire/Alch      7%         2d4       89%         4
 Alistair's Intoxication  Alch           4%         N/A       99%         5
 Irradiate                Conj/Alch      3%         3d12      99%         5
 Plasma Beam              Fire/Air       3%         2x1d13    100%        6
 Starburst                Conj/Fire      3%         6d3       100%        6
 Enfeeble                 Hex            18%        N/A       100%        7
 Monstrous Menagerie      Summ           18%        N/A       100%        7
 Orb of Destruction       Conj           3%         9d5       100%        7
 Spellforged Servitor     Conj/Summ      11%        N/A       100%        7
 Summon Hydra             Summ           18%        N/A       100%        7
 Ignition                 Fire           3%         3d4       100%        8
 Lehudib's Crystal Spear  Conj/Erth      3%         10d3      100%        8
 Maxwell's Capacitive Co  Air            3%         ∞         100%        8
 Chain Lightning          Conj/Air       3%         3d4       100%        9
 Fire Storm               Conj/Fire      3%         8d1       100%        9
 Shatter                  Erth           3%         3d7*      100%        9


Dungeon Overview and Level Annotations

Branches:
Dungeon (15/15)            Temple (0/1) D:5            Lair (5/5) D:11
 Shoals (4/4) Lair:2        Snake (4/4) Lair:3        Slime (0/5) Lair:4
    Orc (2/2) D:10            Elf (0/3) Orc:2        Vaults (3/5) D:13
  Crypt (0/3) Vaults:3     Depths (0/4) D:15          Sewer (visited)
  IceCv (visited)         Gauntlet (visited)

Altars:
Dithmenos
Fedhas
Hepliaklqana
Sif Muna
Uskayaw
Beogh
Jiyva

Shops:
D:1 :[   D:4 [   D:7 :   D:11 =   D:15 (=   Orc:2 =([((   Shoals:2 (
Shoals:3 ?:   Snake:1 (   Snake:4 =::

Annotations:
D:5 exclusion: bombardier beetle
D:7 1 exclusion
D:8 Joseph


Innate Abilities, Weirdness & Mutations

You can walk on water.
Your facial features are unmistakably orcish.
You are surrounded by a moderate repulsion field. (EV +3)
Your demonic aura causes all spilled blood to erupt in flames.
Your presence sometimes corrodes those you injure.
You have a tail ending in a sharp stinger.
You are shadowed, sometimes releasing foul flame when damaged in melee.


Message History

You are electrocuted!
You slash the vault warden!
Lightning courses through the vault warden!!
You kill the vault warden!
Beogh accepts your kill.
The runic seals fade away.
No target in view!
Unknown command.
You start resting.
A vault guard comes into view. It is wielding a +0 long sword.
An ironbound thunderhulk comes into view.
It is wielding a +0 dire flail.
The vault warden shouts!
The ironbound thunderhulk shouts!
A vault guard comes into view. It is wielding a +0 glaive.
You see here 13 gold pieces.
The vault guard shouts!
You slash the vault warden!
The vault warden is lightly wounded.
Electricity crackles from the ironbound thunderhulk's apparatus.
The bolt of lightning hits you!!
The vault warden is engulfed in blazing flames.
You block the vault warden's attack.
Electricity crackles from the ironbound thunderhulk's apparatus.
The bolt of lightning hits you!!
* * * LOW HITPOINT WARNING * * *
The vault warden is engulfed in blazing flames.
The vault warden attacks as it pursues you!
The vault warden misses you.
Things that are here:
a +0 arbalest; a ring of fire; a yaktaur corpse You feel much better.
Electricity crackles from the ironbound thunderhulk's apparatus.
The bolt of lightning hits you!!
* * * LOW HITPOINT WARNING * * *
You block the vault warden's attack.
Unknown command.
As you read the scroll of teleportation, it crumbles to dust.
You feel strangely unstable.
Electricity crackles from the ironbound thunderhulk's apparatus.
The bolt of lightning hits you!!!
You die...

##### #....
##....###############
#......##............
##......##............
#..#++#o.#............
####..'☼)+o.o............
..pO..§p@+..#............
..p#..#++#..#$.##########
. ##......##..# #
#......##..+ #
##....###..# # #.... #..#
# ##''# #..# # #..# # #


You could see a vault warden, an ironbound thunderhulk and 2 vault guards.

Vanquished Creatures
  Frederick (Vaults:2)
  Jorgrun (Shoals:3)
  A tentacled monstrosity (Snake:1)
  A titan (Shoals:4)
  Frances (Snake:1)
  Kirke (Lair:5)
  A tengu reaver (Vaults:1)
  A kraken (Shoals:2)
  2 thorn hunters (Snake:1)
  A nagaraja (Snake:4)
  Donald (Orc:2)
  A deep elf sorcerer (Vaults:1)
  2 vault wardens
  An orc warlord (Vaults:3)
  4 ironbound preservers
  A very ugly thing (Abyss:3)
  A stone giant (Vaults:1)
  3 ironbound thunderhulks
  A minotaur (Gauntlet)
  7 dire elephants
  8 merfolk javelineers
  Snorg (Lair:4)
  11 merfolk impalers
  4 yaktaur captains
  A crystal guardian (Vaults:3)
  An entropy weaver (Vaults:1)
  Josephine (Orc:2)
  Harold (D:11)
  A peacekeeper (Vaults:3)
  9 vault guards
  2 great orbs of eyes
  A catoblepas (Lair:5)
  2 salamander tyrants (Snake:4)
  A ghost crab (Gauntlet)
  10 anacondas
  4 merfolk avatars
  6 ironbound frosthearts
  3 hydras
  2 merfolk aquamancers (Shoals:4)
  7 centaur warriors
  An alligator (Snake:1)
  An alligator snapping turtle (Shoals:3)
  Erica (D:11)
  5 boulder beetles
  5 death yaks
  11 naga warriors
  3 two-headed ogres
  3 hell hogs (Abyss:3)
  An orc high priest (Snake:4)
  A tengu warrior (D:13)
  A deep troll earth mage (Vaults:1)
  6 naga sharpshooters
  Sonja (Orc:1)
  11 shock serpents
  Amaemon (D:8)
  3 salamander mystics
  2 sixfirhies
  A skeletal warrior (D:13)
  A wretched star (Abyss:2)
  A fire crab (Gauntlet)
  7 skysharks
  2 large abominations (Abyss:3)
  13 mana vipers
  7 sea snakes
  4 naga ritualists
  10 deep trolls
  3 swamp dragons (Snake:1)
  An arcanist (Vaults:3)
  8 orc knights
  7 lindwurms
  An orange crystal statue (D:13)
  10 ironbound convokers
  21 harpies
  A necromancer (Vaults:1)
  8 orc apostles
  2 deep elf pyromancers
  An orc sorcerer (Orc:2)
  A shining eye (shapeshifter) (D:15)
  A wolf spider (D:15)
  6 salamanders
  A fire giant zombie (Vaults:1)
  14 ugly things
  17 manticores
  13 fauns
  3 cyclopes
  6 elephants
  3 meliai (D:15)
  7 vault sentinels
  An ice statue (IceCv)
  9 merfolk sirens
  A gargoyle (D:13)
  7 guardian serpents
  2 torpor snails
  2 smoke demons (Abyss:3)
  14 water nymphs
  10 naga magi
  28 black mambas
  2 unseen horrors (shapeshifter)
  Maggie (D:6)
  An unseen horror (D:10)
  3 orange demons
  7 cane toads
  An efreet (D:15)
  A tengu conjurer (D:13)
  3 rime drakes
  3 komodo dragons
  2 kobold demonologists
  8 yaktaurs
  A yaktaur zombie (Vaults:1)
  2 hellwings (Vaults:1)
  2 polar bears
  2 freezing wraiths (Vaults:1)
  4 trolls
  25 merfolk
  7 wind drakes
  A hornet (D:10)
  Prince Ribbit (D:9)
  A tarantella (Vaults:1)
  8 dream sheep
  9 snapping turtles
  4 raiju (Abyss:3)
  16 blink frogs
  14 slime creatures
  15 water elementals
  4 wraiths
  8 air elementals (Shoals:4)
  8 wyverns
  A vampire (D:10)
  19 yaks
  6 hogs (Lair:5)
  A human (Lair:5)
  3 steam dragons
  6 basilisks
  3 wargs
  9 vampire mosquitoes
  A chaos spawn (Abyss:3)
  Menkaure (D:6)
  A death yak simulacrum (Lair:1)
  A redback (Vaults:1)
  2 swamp worms (Snake:1)
  3 great orb of eyes simulacra (IceCv)
  4 acid dragons
  24 nagas
  11 water moccasins
  A human skeleton (Vaults:1)
  20 orc warriors
  A sky beast (shapeshifter) (D:15)
  A swamp drake (D:9)
  A sky beast (D:7)
  6 black bears
  3 ice beasts
  A crocodile (Sewer)
  2 ogres
  3 boggarts (Vaults:1)
  6 centaurs
  A small abomination (Abyss:3)
  13 wolves
  3 phantoms
  4 slime creature simulacra (IceCv)
  A kobold brigand (D:8)
  11 bullfrogs
  4 gnoll sergeants
  4 glowing shapeshifter simulacra (IceCv)
  14 wights
  A hornet simulacrum (D:15)
  25 killer bees
  A howler monkey (D:6)
  Crazy Yiuf (D:6)
  5 jellies
  6 orc priests
  5 hounds
  An iron imp (Lair:2)
  A gnoll bouda (D:4)
  Terence (D:2)
  7 iguanas
  6 orc wizards
  2 shapeshifter simulacra (IceCv)
  16 gnolls
  9 adders
  2 ufetubi (D:7)
  2 dart slugs
  3 ribbon worms
  28 orcs
  3 ball pythons
  12 endoplasms
  3 giant cockroaches
  6 goblins
  4 hobgoblins
  8 jackals
  13 kobolds
  2 quokkas
  5 bats
  2 frilled lizards
  4 rats
  A spectral weapon (Vaults:2)
  2 tentacles (Shoals:2)
968 creatures vanquished.

Vanquished Creatures (collateral kills)
  Bai Suzhen (Vaults:2)
  A bone dragon (Vaults:3)
  Mlioglotl (Shoals:1)
  Ilsuiw (Shoals:3)
  2 azure jellies (IceCv)
  Aizul (Snake:1)
  2 vault wardens
  A cacodemon (Abyss:3)
  2 orc warlords (Orc:2)
  3 ironbound preservers
  2 ironbound thunderhulks
  The ghost of Morbidden the Skirmisher, a journeyman FoHu of Cheibriados (D:14)
  2 merfolk impalers (Shoals:4)
  A great orb of eyes (D:15)
  3 alligator snapping turtles
  2 vault guards
  A merfolk avatar (Shoals:4)
  2 hydras
  2 alligators (Snake:1)
  2 centaur warriors
  A ghost crab (Gauntlet)
  A two-headed ogre (D:11)
  2 merfolk aquamancers (Shoals:2)
  An ironbound frostheart (Vaults:2)
  3 anacondas
  4 death yaks (Lair:2)
  A hell hog (Abyss:3)
  2 naga sharpshooters (Snake:2)
  3 shock serpents
  An orc high priest (Orc:2)
  4 salamander mystics (Snake:4)
  A sun demon (Vaults:1)
  3 skysharks
  A mana viper (shapeshifter) (Vaults:1)
  2 swamp dragons (Snake:1)
  3 sea snakes
  22 slime creatures
  6 deep trolls
  A phantasmal warrior (Vaults:3)
  2 ironbound convokers (Vaults:3)
  2 naga ritualists
  4 harpies
  3 fauns
  A lindwurm (Snake:4)
  4 orc knights
  An elf skeleton (Vaults:1)
  3 ugly things
  2 cyclopes
  3 manticores
  3 merfolk sirens
  2 salamanders (Snake:4)
  An ice statue (IceCv)
  5 black mambas
  3 vault sentinels (Vaults:2)
  2 naga magi (Snake:2)
  4 water nymphs
  A yaktaur (D:15)
  An orange demon (Snake:3)
  A rime drake (Lair:5)
  A cane toad (Lair:1)
  A freezing wraith (Abyss:3)
  An unseen horror (Abyss:3)
  A komodo dragon (D:11)
  2 wind drakes (Shoals:2)
  6 merfolk
  2 trolls
  A hellwing (Lair:2)
  5 blink frogs
  A dream sheep (Shoals:4)
  5 snapping turtles
  A ynoxinul (Vaults:1)
  4 yaks
  3 water elementals
  A shadow (D:10)
  A basilisk (Lair:5)
  4 wraiths
  3 wargs
  2 fire bats (Gauntlet)
  A vampire mosquito (D:12)
  2 nagas (Snake:2)
  A swamp worm (Snake:1)
  2 great orb of eyes simulacra (IceCv)
  2 water moccasins
  A swamp drake (Snake:1)
  7 orc warriors (Orc:2)
  7 wolves
  A brain worm (Vaults:1)
  3 bullfrogs
  A gnoll sergeant (D:12)
  A wight (D:10)
  11 killer bees
  An electric eel (Lair:2)
  A jelly (Lair:4)
  2 orc priests
  An iron imp (Lair:2)
  5 orc wizards
  3 gnolls (D:12)
  6 orcs
  An endoplasm (Lair:4)
248 creatures vanquished.

Vanquished Creatures (others)
  An orc warlord (Snake:4)
  An alligator (Snake:1)
  An ironbound frostheart (Vaults:3)
  2 orc high priests (Snake:4)
  9 orc apostles
  4 orc knights
  5 orc warriors
  6 orc priests
  2 orc wizards (Orc:2)
  25 orcs
  4 tentacles (Shoals:2)
60 creatures vanquished.

Grand Total: 1276 creatures vanquished

Notes
Turn   | Place    | Note
-------+----------+-------------------------------------------
     0 | D:1      | Jannitor the Demonspawn Gladiator began the quest for the
                  | Orb.
     0 | D:1      | Reached XP level 1. HP: 16/16 MP: 1/1
   133 | D:1      | Found a faded altar of an unknown god.
   168 | D:1      | Gained mutation: You are surrounded by a mild repulsion
                  | field. (EV +2) [demonic ancestry]
   168 | D:1      | Reached XP level 2. HP: 22/22 MP: 2/2
   364 | D:1      | Found Icizethy's Antique Armour Emporium.
   418 | D:1      | Reached skill level 3 in Axes
   619 | D:1      | Found Ecaut's Book Shop.
  1221 | D:2      | Reached XP level 3. HP: 22/28 MP: 3/3
  1634 | D:2      | Reached skill level 1 in Armour
  1634 | D:2      | Gained mutation: You are faintly shadowed, very rarely
                  | releasing foul flame when damaged in melee. [demonic
                  | ancestry]
  1634 | D:2      | Reached XP level 4. HP: 31/34 MP: 4/4
  1869 | D:2      | Noticed Terence
  1889 | D:2      | Killed Terence
  2240 | D:3      | Became a worshipper of Beogh the Shepherd
  2277 | D:3      | Gained mutation: You have a small tail. [demonic ancestry]
  2277 | D:3      | Reached XP level 5. HP: 41/41 MP: 5/5
  2587 | D:4      | Noticed a black bear
  2799 | D:4      | Noticed a black bear
  2856 | D:4      | Noticed a phantom
  2914 | D:5      | Entered Level 5 of the Dungeon
  2914 | D:5      | Noticed an ogre
  2924 | D:5      | Killed an ogre
  2925 | D:5      | Reached skill level 1 in Evocations
  3024 | D:5      | Reached XP level 6. HP: 34/47 MP: 6/6
  3028 | D:5      | Found a glowing drain.
  3035 | Sewer    | Entered a sewer
  3119 | Sewer    | Reached skill level 4 in Axes
  3445 | D:5      | Found a blossoming altar of Fedhas.
  3445 | D:5      | Found a hide-covered altar of Uskayaw.
  3453 | D:5      | Found a shimmering blue altar of Sif Muna.
  3455 | D:5      | Found a faded altar of an unknown god.
  3457 | D:5      | Found a shadowy altar of Dithmenos.
  3519 | D:5      | Reached * piety under Beogh
  3708 | D:5      | Gained mutation: Your demonic aura sometimes causes spilled
                  | blood to erupt in flames. [demonic ancestry]
  3708 | D:5      | Reached XP level 7. HP: 54/54 MP: 7/7
  3775 | D:5      | Found a staircase to the Ecumenical Temple.
  3843 | D:5      | Noticed a steam dragon
  3856 | D:5      | Killed a steam dragon
  4760 | D:6      | Noticed Maggie
  4807 | D:6      | Noticed Menkaure
  4812 | D:6      | Killed Menkaure
  4813 | D:6      | Reached skill level 5 in Axes
  4813 | D:6      | Gained mutation: You are shadowed, sometimes releasing foul
                  | flame when damaged in melee. [demonic ancestry]
  4813 | D:6      | Reached XP level 8. HP: 46/61 MP: 8/8
  4821 | D:6      | Killed Maggie
  4980 | D:5      | Reached skill level 5 in Fighting
  4980 | D:5      | Reached skill level 5 in Dodging
  5189 | D:4      | Reached skill level 6 in Axes
  5335 | D:4      | Found Gasunn's Armour Shop.
  5452 | D:5      | Reached XP level 9. HP: 59/68 MP: 9/9
  5863 | D:6      | Found a runed translucent door.
  5864 | D:6      | Noticed Crazy Yiuf
  6213 | D:6      | Killed Crazy Yiuf
  6422 | D:7      | Reached ** piety under Beogh
  6667 | D:7      | You fall into a shaft and drop 3 floors!
  6667 | D:10     | Entered Level 10 of the Dungeon
  6703 | D:10     | Noticed an unseen horror
  6708 | D:10     | Reached skill level 7 in Axes
  6708 | D:10     | Killed an unseen horror
  6709 | D:10     | Reached skill level 5 in Armour
  6833 | D:9      | Identified a scroll of acquirement
  6890 | D:9      | Reached skill level 5 in Evocations
  7177 | D:9      | Noticed Prince Ribbit
  7281 | D:8      | Noticed a two-headed ogre
  7572 | D:8      | Noticed Joseph
  7662 | D:8      | Acquired 776 gold pieces
  7696 | D:8      | Gained mutation: You are surrounded by a moderate repulsion
                  | field. (EV +3) [demonic ancestry]
  7696 | D:8      | Reached XP level 10. HP: 75/77 MP: 10/10
  7718 | D:7      | Reached skill level 8 in Axes
  7986 | D:7      | Found Fabotuh's Book Emporium.
  8170 | D:7      | Noticed a sixfirhy
  8178 | D:7      | Noticed a white ugly thing
  8184 | D:7      | Killed a white ugly thing
  8184 | D:7      | Noticed a cyclops
  8558 | D:8      | Killed a two-headed ogre
  8737 | D:8      | Noticed Amaemon
  8759 | D:8      | Noticed an orange demon
  8760 | D:8      | Killed Amaemon
  9155 | D:9      | Killed Prince Ribbit
  9156 | D:9      | Reached skill level 1 in Shields
  9200 | D:10     | Reached skill level 9 in Axes
  9356 | D:10     | Reached *** piety under Beogh
  9372 | D:10     | Identified the +10 hand axe of Demand {heavy, rN+++ Str-3
                  | Dex+4}
  9372 | D:10     | Noticed Wardok
  9385 | D:10     | Anointed Wardok the priest as your apostle
  9604 | D:10     | Reached XP level 11. HP: 69/84 MP: 11/11
  9607 | D:10     | Reached skill level 1 in Invocations
  9723 | D:10     | Found a staircase to the Orcish Mines.
 10000 | D:11     | Found a staircase to the Lair.
 10004 | D:11     | Noticed Erica
 10012 | D:11     | Killed Erica
 10015 | D:11     | Noticed a brown ugly thing
 10019 | D:11     | Killed a brown ugly thing
 10024 | D:11     | Noticed a boulder beetle
 10025 | D:11     | Identified the +9 mace "Ruaruaja" {drain, +Blink rPois rC+}
 10025 | D:11     | Identified the +5 leather armour "Begiaple" {-Cast Str-3
                  | Dex+8}
 10025 | D:11     | Noticed Borgoth
 10038 | D:11     | Killed a boulder beetle
 10040 | D:11     | Anointed Borgoth the priest as your apostle
 10320 | D:11     | Noticed a sun demon
 10472 | D:11     | Noticed Harold
 10478 | D:11     | Killed Harold
 10653 | D:11     | Found a hazy altar of Hepliaklqana.
 10719 | D:11     | Found Iduiclya's Jewellery Shop.
 10774 | D:11     | Noticed a brown ugly thing
 10779 | D:11     | Killed a brown ugly thing
 10780 | D:11     | Reached skill level 10 in Axes
 10885 | D:11     | Noticed a two-headed ogre
 10888 | D:11     | Killed a two-headed ogre
 10888 | D:11     | Reached **** piety under Beogh
 11216 | D:12     | Noticed a red ugly thing
 11220 | D:12     | Killed a red ugly thing
 11243 | D:12     | Noticed a red ugly thing
 11250 | D:12     | Killed a red ugly thing
 11251 | D:12     | Gained mutation: You have a tail ending in a sharp stinger.
                  | [demonic ancestry]
 11251 | D:12     | Reached XP level 12. HP: 65/94 MP: 15/15
 11370 | D:12     | Noticed a two-headed ogre
 11377 | D:12     | Killed a two-headed ogre
 11420 | D:12     | Reached skill level 5 in Invocations
 11735 | Orc:1    | Entered Level 1 of the Orcish Mines
 11741 | Orc:1    | Found a roughly hewn altar of Beogh.
 11851 | Orc:2    | Entered Level 2 of the Orcish Mines
 11851 | Orc:2    | Found a staircase to the Elven Halls.
 11872 | Orc:2    | Noticed an orc warlord
 11881 | Orc:2    | Killed an orc warlord
 12046 | Orc:1    | Noticed Sonja
 12047 | Orc:1    | Killed Sonja
 12395 | Orc:2    | Found a roughly hewn altar of Beogh.
 12400 | Orc:2    | Found Faocyulilaf's Jewellery Emporium.
 12484 | Orc:2    | Found a roughly hewn altar of Beogh.
 12494 | Orc:2    | Found a roughly hewn altar of Beogh.
 12511 | Orc:2    | Found a roughly hewn altar of Beogh.
 12559 | Orc:2    | Identified the +3 scale mail of the Skies Above {rN+ SInv}
 12566 | Orc:2    | Anointed Bogwald the warrior as your apostle
 12639 | Orc:2    | Found Reuke's Weapon Shop.
 12645 | Orc:2    | Noticed Donald
 12649 | Orc:2    | Killed Donald
 12650 | Orc:2    | Reached skill level 11 in Axes
 12721 | Orc:2    | Found a roughly hewn altar of Beogh.
 12724 | Orc:2    | Found Zinudaath's Weapon Shop.
 12985 | Orc:2    | Noticed an orc high priest
 12991 | Orc:2    | Killed an orc high priest
 12993 | Orc:2    | Noticed an orc warlord
 12995 | Orc:2    | Found Bokheiw's Antique Weapon Shop.
 12996 | Orc:2    | Found a roughly hewn altar of Beogh.
 13000 | Orc:2    | Killed an orc warlord
 13002 | Orc:2    | Noticed Josephine
 13003 | Orc:2    | Reached skill level 5 in Shields
 13004 | Orc:2    | Killed Josephine
 13012 | Orc:2    | Reached ***** piety under Beogh
 13078 | Orc:2    | Found Kedicze's Antique Armour Boutique.
 13087 | Orc:2    | Bought a faintly glowing double sword for 500 gold pieces
 13087 | Orc:2    | Identified the +7 double sword of Conscience {freeze, rElec
                  | rN++ Dex-3 Stlth+} (You bought it in a shop on level 2 of
                  | the Orcish Mines)
 13093 | Orc:2    | Bought the +3 pair of seven-league boots {Rampage+∞} for
                  | 1240 gold pieces
 13093 | Orc:2    | Found the +3 pair of seven-league boots {Rampage+∞}
 13164 | Orc:2    | Found a roughly hewn altar of Beogh.
 13272 | Lair:1   | Entered Level 1 of the Lair of Beasts
 13300 | Lair:1   | Found a frozen archway.
 13302 | Lair:1   | Gained mutation: Your demonic aura often causes spilled
                  | blood to erupt in flames. [demonic ancestry]
 13302 | Lair:1   | Reached XP level 13. HP: 101/101 MP: 18/18
 13318 | IceCv    | Entered an ice cave
 13844 | IceCv    | Your ally Borgoth died
 13866 | IceCv    | Found a viscous altar of Jiyva.
 13866 | IceCv    | Noticed an azure jelly
 13871 | IceCv    | Killed an azure jelly
 13872 | IceCv    | Noticed an azure jelly
 13878 | IceCv    | Killed an azure jelly
 13879 | IceCv    | Reached skill level 12 in Axes
 13890 | IceCv    | Identified the ring "Izoloul" {MP+9 Dex+2 SInv}
 14743 | Lair:1   | Reached skill level 10 in Fighting
 14860 | Lair:2   | Identified the +8 dagger "Nuock" {spect, rN++ Str-3}
 14860 | Lair:2   | Noticed Ugbert
 14867 | Lair:2   | Anointed Ugbert the wizard as your apostle
 14875 | Lair:2   | Your ally Borgoth died
 15022 | Lair:2   | Gained mutation: Your demonic aura causes all spilled blood
                  | to erupt in flames. [demonic ancestry]
 15022 | Lair:2   | Reached XP level 14. HP: 110/110 MP: 20/20
 15092 | Lair:2   | Reached ****** piety under Beogh
 15240 | Lair:2   | Found a staircase to the Shoals.
 15838 | Lair:3   | Found a staircase to the Snake Pit.
 16012 | Lair:3   | Found a gate leading to a gauntlet.
 16023 | Gauntlet | Entered a Gauntlet
 16023 | Gauntlet | Found a transporter.
 16023 | Gauntlet | Found a transporter.
 16028 | Gauntlet | Found a transporter.
 16043 | Gauntlet | Found a transporter.
 16059 | Gauntlet | Found a transporter.
 16071 | Gauntlet | Found a transporter.
 16153 | Gauntlet | Found a transporter.
 16168 | Gauntlet | Found a transporter.
 16182 | Gauntlet | Found a transporter.
 16195 | Gauntlet | Found a transporter.
 16197 | Gauntlet | Found a large runed translucent door.
 16197 | Gauntlet | Found a large runed translucent door.
 16198 | Gauntlet | Found a large runed translucent door.
 16198 | Gauntlet | Found a large runed translucent door.
 16199 | Gauntlet | Found a large runed translucent door.
 16199 | Gauntlet | Found a large runed translucent door.
 16199 | Gauntlet | Found a runed translucent door.
 16199 | Gauntlet | Found a runed translucent door.
 16199 | Gauntlet | Found a large runed translucent door.
 16200 | Gauntlet | Found a large runed translucent door.
 16207 | Gauntlet | Found a large runed translucent door.
 16207 | Gauntlet | Found a large runed translucent door.
 16208 | Gauntlet | Found a large runed translucent door.
 16208 | Gauntlet | Found a large runed translucent door.
 16209 | Gauntlet | Found a large runed translucent door.
 16209 | Gauntlet | Found a large runed translucent door.
 16273 | Gauntlet | Found a transporter.
 16288 | Gauntlet | Found a transporter.
 16289 | Gauntlet | Found a large runed translucent door.
 16290 | Gauntlet | Found a large runed translucent door.
 16292 | Gauntlet | Found a runed translucent gate.
 16293 | Gauntlet | Found a transporter.
 16293 | Gauntlet | Found a runed translucent gate.
 16293 | Gauntlet | Found a transporter.
 16294 | Gauntlet | Found a runed translucent gate.
 16317 | Gauntlet | Found a transporter.
 16327 | Gauntlet | Found a transporter.
 16415 | Gauntlet | Identified the ring "Iliaklem" {Wiz rF- rC+ Dex+6}
 16449 | Gauntlet | Identified the ring of Fanaticism {MP+9 Str+6 Int+4}
 16507 | Gauntlet | Identified the +4 crystal plate armour "Uceoshef" {rPois
                  | Str+3 Int+2}
 16636 | Gauntlet | Got Sif Muna's Directory of Sidekicks and the Athanor
 16652 | Gauntlet | Identified the +2 cloak of Tenacity {Str+4 Dex+4 Slay+3}
 17267 | Lair:4   | Reached skill level 13 in Axes
 17293 | Lair:4   | Noticed Snorg
 17297 | Lair:4   | Killed Snorg
 17597 | Lair:4   | Found a staircase to the Slime Pits.
 17598 | Lair:4   | Found a viscous altar of Jiyva.
 18258 | Lair:5   | Entered Level 5 of the Lair of Beasts
 18333 | Lair:5   | Reached skill level 10 in Dodging
 18340 | Lair:5   | Reached skill level 10 in Invocations
 18566 | Lair:5   | Your ally Ugbert died
 18573 | Lair:5   | Anointed Thorok the warrior as your apostle
 18915 | Lair:5   | Noticed Kirke
 18919 | Lair:5   | Killed Kirke
 18920 | Lair:5   | Reached skill level 10 in Armour
 19515 | Snake:1  | Entered Level 1 of the Snake Pit
 19515 | Snake:1  | Identified the serpent talisman "Faigg" {*Corrode rN+++
                  | Str+3}
 19515 | Snake:1  | Noticed Aizul
 19521 | Snake:1  | Killed Aizul
 19589 | Snake:1  | Reached XP level 15. HP: 78/120 MP: 22/22
 20068 | Snake:1  | Noticed a thorn hunter
 20072 | Snake:1  | Killed a thorn hunter
 20077 | Snake:1  | Noticed a tentacled monstrosity
 20089 | Snake:1  | Killed a tentacled monstrosity
 20103 | Snake:1  | Reached skill level 14 in Axes
 20417 | Snake:1  | Noticed Frances
 20426 | Snake:1  | Your ally Thorok died
 20431 | Snake:1  | Killed Frances
 20655 | Snake:1  | Found Wickel's Antique Weapon Shoppe.
 20745 | Snake:1  | Noticed a thorn hunter
 20747 | Snake:1  | Killed a thorn hunter
 21444 | Snake:2  | Your ally Borgoth died
 22376 | Snake:2  | Reached XP level 16. HP: 43/131 MP: 24/24
 23015 | Snake:3  | Identified the +1 robe of Tijak {rF- Regen+ Int+3}
 23041 | Snake:3  | Your ally Wardok died
 23046 | Snake:3  | Anointed Gorg the wizard as your apostle
 24710 | Snake:4  | Entered Level 4 of the Snake Pit
 24745 | Snake:4  | Reached skill level 15 in Axes
 24816 | Snake:4  | Found Puhy's Jewellery Boutique.
 24816 | Snake:4  | Found Fegeweutt's Book Shoppe.
 24817 | Snake:4  | Found Qashey's Book Shoppe.
 24830 | Snake:4  | Bought a book of Battle for 468 gold pieces
 24830 | Snake:4  | Bought a book of Decay for 720 gold pieces
 24834 | Snake:4  | Learned a level 3 spell: Fugue of the Fallen
 24839 | Snake:4  | Learned a level 4 spell: Anguish
 24844 | Snake:4  | Learned a level 4 spell: Martyr's Knell
 25161 | Snake:4  | Reached skill level 1 in Spellcasting
 25165 | Snake:4  | Your ally Thorok died
 25170 | Snake:4  | Your ally Gorg died
 25171 | Snake:4  | Your ally Wardok died
 26521 | Snake:4  | Got a serpentine rune of Zot
 26788 | Shoals:1 | Entered Level 1 of the Shoals
 26813 | Shoals:1 | Noticed Mlioglotl
 27120 | Shoals:1 | Acquired 1061 gold pieces
 27190 | Shoals:1 | Killed Mlioglotl
 27191 | Shoals:1 | Reached XP level 17. HP: 130/140 MP: 27/27
 27200 | Shoals:1 | Reached skill level 1 in Hexes
 27200 | Shoals:1 | Reached skill level 1 in Summonings
 27200 | Shoals:1 | Reached skill level 1 in Necromancy
 27211 | Shoals:1 | Your ally Gorg died
 27223 | Shoals:1 | Reached skill level 16 in Axes
 27825 | Shoals:2 | Found Bycif's Antique Weapon Shoppe.
 27831 | Shoals:2 | Reached skill level 15 in Fighting
 27995 | Shoals:2 | Anointed Garbold the warrior as your apostle
 28224 | Shoals:2 | Reached skill level 10 in Shields
 28652 | Shoals:2 | Noticed a kraken
 28658 | Shoals:2 | Killed a kraken
 29407 | Shoals:3 | Noticed Ilsuiw
 29421 | Shoals:3 | Your ally Wardok died
 29465 | Shoals:3 | Identified the ring "Rumesta" {rF+ Int+6 Dex+3}
 29789 | Shoals:3 | Found Sekemoan's Book Boutique.
 29860 | Shoals:3 | Found Cyof's Distillery.
 30133 | Shoals:3 | Found Qaybb's Magic Scroll Shop.
 30190 | Shoals:3 | Killed Ilsuiw
 30420 | Shoals:3 | Noticed Jorgrun
 30427 | Shoals:3 | Killed Jorgrun
 30716 | Shoals:4 | Entered Level 4 of the Shoals
 30754 | Shoals:4 | Reached skill level 5 in Spellcasting
 30764 | Shoals:4 | Your ally Thorok died
 30856 | Shoals:4 | Reached XP level 18. HP: 88/151 MP: 28/28
 31091 | Shoals:4 | Paralysed by an air elemental for 1 turns
 31173 | Shoals:4 | Paralysed by an air elemental for 1 turns
 31229 | Shoals:4 | Identified the +7 orcbow of the Vanishing Tales {heavy,
                  | rElec SInv}
 31242 | Shoals:4 | Identified the ring of the Falcon {rC+ Dex+3}
 31253 | Shoals:4 | Your ally Garbold died
 31348 | Shoals:4 | Your ally Thorok died
 31694 | Shoals:4 | Got a barnacled rune of Zot
 31763 | Shoals:4 | Paralysed by an air elemental for 1 turns
 31766 | Shoals:4 | Reached skill level 5 in Necromancy
 31989 | Shoals:4 | Paralysed by an air elemental for 1 turns
 31995 | Shoals:4 | Reached skill level 17 in Axes
 32286 | Shoals:3 | Anointed Boldo the warrior as your apostle
 32467 | D:13     | Found a gate to the Vaults.
 32478 | D:13     | Reached skill level 5 in Summonings
 32480 | D:13     | Reached skill level 5 in Hexes
 33022 | D:13     | Identified the +0 helmet "Waneluw" {rN+ Dex+2}
 33563 | D:14     | Found a runed translucent door.
 33567 | D:14     | Noticed Morbidden's ghost (journeyman FoHu)
 33882 | D:14     | Killed Morbidden's ghost
 33898 | D:15     | Entered Level 15 of the Dungeon
 34374 | D:15     | Found a staircase to the Depths.
 34383 | D:15     | Reached skill level 15 in Invocations
 34385 | D:15     | Your ally Boldo died
 34545 | D:15     | Found Barohil's Weapon Shop.
 34657 | D:15     | Found Qaphur's Jewellery Boutique.
 34665 | D:15     | Bought the amulet of Muankot {Faith rC++} for 1225 gold
                  | pieces
 34827 | Vaults:1 | Entered Level 1 of the Vaults
 34886 | Abyss:2  | Cast into level 2 of the Abyss (a deep elf sorcerer)
 34944 | Abyss:3  | Found a corrupted altar of Lugonu.
 34952 | Abyss:3  | Found a corrupted altar of Lugonu.
 35002 | Abyss:3  | Found a corrupted altar of Lugonu.
 35081 | Abyss:3  | Found a corrupted altar of Lugonu.
 35200 | Abyss:3  | Reached XP level 19. HP: 59/159 MP: 28/30
 35202 | Vaults:1 | Escaped the Abyss
 35878 | Vaults:1 | Identified the +10 dagger of the Walnut {pain, *Noise rElec
                  | rN+ rCorr}
 35898 | Vaults:1 | Anointed Marbork the wizard as your apostle
 36819 | Vaults:1 | Your ally Boldo died
 37429 | Vaults:1 | Your ally Wardok died
 37711 | Vaults:2 | Identified the orb "Zuavulyo" {light, Str+6 Int+6 Slay-4}
 37711 | Vaults:2 | Noticed Frederick
 37722 | Vaults:2 | Killed Frederick
 38093 | Vaults:2 | Noticed Bai Suzhen
 38105 | Vaults:2 | Killed Bai Suzhen
 38738 | Vaults:2 | Reached skill level 18 in Axes
 38972 | Vaults:2 | Identified the +10 falchion of Nojaenauca {heavy, rElec
                  | Str+3 Int+3}
 39697 | Vaults:3 | Gained mutation: Your presence sometimes corrodes those you
                  | injure. [demonic ancestry]
 39697 | Vaults:3 | Reached XP level 20. HP: 47/168 MP: 22/32
 40005 | Vaults:3 | Noticed a bone dragon
 40016 | Vaults:3 | Found a staircase to the Crypt.
 40026 | Vaults:3 | Killed a bone dragon
 40286 | Vaults:3 | Killed from afar by an ironbound thunderhulk

Illustrated notes

Levels and vault maps discovered:
D:1:      giann_bridges, layout_loops_corners, ebering_ecumenical_altar_box,
          serial_shops, shop, shop, moated_statue, corexii_hall_statues_x,
          minmay_fountain_box
D:2:      layout_loops_corners, minmay_fractal_squares_gapless_5, uniq_terence
D:3:      layout_rooms
D:4:      layout_cave_pools, serial_shops, shop, corexii_item_surrounded_by_moat
D:5:      layout_loops_corners, chequers_temple_overflow_minitemple,
          minmay_temple_entry_large_hall,
          mainiacjoe_sewer_entry_somewhere_in_here_2
D:6:      layout_basic, serial_bayou_lagoon_a, uniq_crazy_yiuf_cottage,
          uniq_maggie, uniq_menkaure
D:7:      minmay_blocky_corners, layout_layer_cave, serial_shops,
          nicolae_shop_pleasant_corner_grove, serial_bayou_pond_d
D:8:      layout_rooms, minmay_misc_feat_columns, uniq_joseph, uniq_amaemon
D:9:      layout_basic, uniq_prince_ribbit1
D:10:     layout_irregular_city, hiddenorc1_lemuel
D:11:     layout_basic, due_lair_maze_entry_diamond, serial_shops, shop,
          nzn_hepliaklqana_mist_gate, uniq_erica, uniq_harold
D:12:     layout_cave_pools, serial_park, serial_park_tiny_1,
          serial_park_tiny_2, serial_park_square3 [serial_park_minivault_5x5_2],
          serial_park_tiny_pond, serial_park_gazebo
          [serial_park_minivault_5x5_1]
D:13:     layout_stronghold, lightli_vaults_fourway_checkpoint, minivault_16
D:14:     layout_rooms, ebering_ghost_inner_flame
D:15:     gammafunk_enter_depths_forms, layout_gridville, serial_shops,
          nicolae_shop_just_a_little_nook, shop,
          eino_small_chamber_without_monster, zin_academy
Lair:1:   layout_cave_pods, portal_ice_cave_entry_ice_simulacra
Lair:2:   layout_regular_city, minmay_shoals_entry_hut,
          chequers_serial_rivers_large_a, infiniplex_staircase_pool,
          serial_bayou_shore_a, grunt_megastairs_2
Lair:3:   layout_loops_ring, dummy_snake_entry, gauntlet_entry_generic
Lair:4:   wad_woods_minihive, layout_cellular_growth,
          nicolae_slime_entry_slimehenge, uniq_snorg
Lair:5:   hangedman_lair_in_review, layout_regular_city, uniq_kirke
Shoals:1: nicolae_shoals_aurelia_aurita, layout_shoals, uniq_mlioglotl
Shoals:2: layout_shoals, serial_shops, shop
Shoals:3: layout_shoals, serial_shops, nicolae_shop_crystal,
          nicolae_shop_tiny_glass, nicolae_shop_rolling_square, yaktaur_hedge,
          uniq_ilsuiw, uniq_jorgrun
Shoals:4: shoals_end_hellmonk_storm_palace [storm_palace_center_ruins,
          storm_palace_corner_pillars, storm_palace_corner_grid,
          storm_palace_corner_narrow, storm_palace_corner_grid]
Snake:1:  onia_ninara_swampy_vault, layout_basic, serial_shops,
          nicolae_shop_overgrown_old_shop, nrook_loot_triangle, uniq_frances,
          uniq_aizul
Snake:2:  layout_cave_shapes, nicolae_snake_storage_room
Snake:3:  layout_layer_cave, lemuel_fruit_tree, serial_bayou_shore_b
Snake:4:  snake_pit_salamanders_mu, layout_cave_town, st_stairs_4,
          minmay_shop_grove
Orc:1:    layout_caves, basic_altar, uniq_sonja
Orc:2:    grunt_orc_community_town_hall, layout_diamond_mine,
          grunt_orc_community_big_house_2, grunt_orc_community_big_house_2,
          grunt_orc_community_house_3, grunt_orc_community_house_1,
          grunt_orc_community_house_1, grunt_orc_community_house_1,
          grunt_orc_community_house_3, grunt_orc_community_house_1,
          serial_shops, shop, uniq_josephine, uniq_donald
Vaults:1: nicolae_vaults_c_with_doors, ontoclasm_vaults_shuriken,
          nicolae_vaults_tetromino_L_1, nicolae_vaults_little_squares_6,
          nicolae_vaults_big_ls, v_misc_19, nicolae_vaults_little_squares_6,
          vaults_dpeg_doors, nicolae_vaults_wine_cellar, vaults_room_corners,
          vaults_mumra_lcd, ontoclasm_vaults_claustrophobia,
          nicolae_vaults_tetromino_L_2, nicolae_vaults_tetromino_L_2,
          vaults_room_door_ring, v_rooms_3, nicolae_vaults_apartment_1,
          layout_vaults_omnibox
Vaults:2: nicolae_vaults_double_plus_2, nicolae_vaults_doubleplus_tesselated,
          nicolae_vaults_meeting, nicolae_vaults_trapezoid_lopsided_4,
          nicolae_vaults_little_squares_4, nicolae_vaults_tetromino_Z_1,
          nicolae_vaults_double_plus_2, layout_vaults_quadrants, uniq_margery,
          uniq_frederick, uniq_bai_suzhen
Vaults:3: minmay_crypt_entry_nasty_monster, v_pattern_1,
          nicolae_vaults_little_squares_4, nicolae_vaults_alarming,
          nicolae_vaults_sightless_eye, hangedman_vaults_nodes, v_misc_2,
          nicolae_vaults_angled_halls, nicolae_vaults_house_2,
          layout_vaults_omnicross, serial_shops, shop

Skill      XL: |  1  2  3  4  5  6  7  8  9 10 11 12 13 14 15 16 17 18 19 20 |
---------------+-------------------------------------------------------------+-----
Axes           | 3 4 5 6 7 9 10 11 12 13 14 15 16 17 18 | 18.0
Dodging        | 3 4 5 6 7 8 9 10 11 | 11.2
Armour         | 1 2 3 4 5 6 7 8 9 10 11 | 11.1
Fighting       | 3 4 5 6 7 8 9 10 11 13 14 15 16 17 | 17.3
Evocations     | 1 2 3 4 5 6 7 |  7.0
Shields        | 1 3 5 6 7 8 9 10 11 | 11.8
Invocations    | 4 6 8 10 11 13 14 15 16 | 16.2
Spellcasting   | 3 5 6 7 |  7.7
Hexes          | 3 5 7 |  7.3
Summonings     | 3 5 7 |  7.3
Necromancy     | 4 6 7 8 |  8.0
Throwing       | |  1.7

Action                     |  1- 3 |  4- 6 |  7- 9 | 10-12 | 13-15 | 16-18 | 19-21 || total
---------------------------+-------+-------+-------+-------+-------+-------+-------++-------
  Melee: War axe           |   111 |   179 |   118 |       |       |       |       ||   408
         Tailslap          |       |    15 |    32 |    28 |    71 |   128 |    94 ||   368
         Broad axe         |       |       |    94 |   226 |   406 |   716 |   383 ||  1825
  Throw: Throwing net      |       |     3 |       |       |       |       |       ||     3
   Cast: Fugue of the Fall |       |       |       |       |       |       |    17 ||    17
         Martyr's Knell    |       |       |       |       |       |       |     9 ||     9
         Anguish           |       |       |       |       |       |       |     2 ||     2
 Invoke: Convert to Beogh  |       |     1 |       |       |       |       |       ||     1
         Recruit Apostle   |       |       |       |     3 |     2 |     3 |     1 ||     9
         Smiting           |       |       |       |     9 |    16 |     3 |     1 ||    29
         Recall Apostles   |       |       |       |     1 |     3 |     6 |     2 ||    12
         Dismiss Apostle   |       |       |       |       |     2 |     3 |     1 ||     6
         Blood for Blood   |       |       |       |       |       |     1 |       ||     1
  Evoke: Wand              |       |     8 |     5 |    19 |       |       |       ||    32
    Use: Potion            |       |     2 |     4 |     4 |     3 |     7 |     1 ||    21
         Scroll            |       |     1 |    25 |     7 |     8 |    17 |     1 ||    59
   Stab: Held in net/web   |       |     1 |       |       |       |     1 |       ||     2
         Distracted        |       |       |       |     2 |     7 |    14 |    13 ||    36
         Paralysed         |       |       |       |       |     3 |       |       ||     3
 Armour: Leather armour    |    29 |       |       |       |       |       |       ||    29
         Ring mail         |    27 |    74 |    18 |       |       |       |       ||   119
         Steam dragon scal |       |       |    45 |       |       |       |       ||    45
         Acid dragon scale |       |       |    86 |   124 |   223 |   424 |   168 ||  1025
  Dodge: Dodged            |    78 |   171 |   248 |   192 |   203 |   460 |   179 ||  1531
  Block: Other             |    18 |    48 |    70 |     8 |       |       |       ||   144
         Reflection        |     1 |       |       |    12 |    29 |    77 |       ||   119
         Kite shield       |       |       |       |   121 |   258 |   697 |   182 ||  1258
         Tower shield      |       |       |       |    89 |   222 |       |       ||   311

Table legend: (Time is in decaauts)
 A = Elapsed time spent in this place.
 B = Non-inter-level travel time spent in this place.
 C = Inter-level travel time spent in this place.
 D = Time resting spent in this place.
 E = Time spent auto-exploring this place.
 F = Levels seen in this place.
 G = Mean time per level.
                   A        B        C        D        E       F      G
               +--------+--------+--------+--------+--------+-----+--------+
         Total |  41075 |  39429 |   1646 |   7208 |  24755 |  38 | 1080.9 |
       Dungeon |  14425 |  13660 |    765 |   1062 |   9836 |  15 |  961.7 |
          Lair |   5122 |   4891 |    231 |    457 |   3492 |   5 | 1024.4 |
        Shoals |   5677 |   5565 |    112 |   1741 |   2809 |   4 | 1419.2 |
     Snake Pit |   7339 |   6991 |    348 |   2162 |   3882 |   4 | 1834.8 |
  Orcish Mines |   1540 |   1463 |     77 |    222 |    878 |   2 |  770.0 |
        Vaults |   5070 |   4960 |    110 |   1002 |   3237 |   3 | 1690.0 |
         Abyss |    303 |    303 |      0 |     66 |    114 |   2 |  151.5 |
         Sewer |    172 |    172 |      0 |      0 |    120 |   1 |  172.0 |
      Ice Cave |    765 |    765 |      0 |    368 |     94 |   1 |  765.0 |
      Gauntlet |    660 |    660 |      0 |    128 |    292 |   1 |  660.0 |
               +--------+--------+--------+--------+--------+-----+--------+

Top non-repeatable levels by time:
Vaults:1: 2526 daAuts
 Snake:1: 2275 daAuts
     D:5: 2007 daAuts
 Snake:4: 1998 daAuts
 Snake:3: 1832 daAuts
Shoals:3: 1824 daAuts
Vaults:2: 1722 daAuts
Shoals:4: 1574 daAuts
     D:7: 1456 daAuts
    D:11: 1293 daAuts
     D:2: 1267 daAuts
  Lair:5: 1246 daAuts
 Snake:2: 1233 daAuts
Shoals:2: 1204 daAuts
     D:9: 1132 daAuts
